 Dungeon Crawl Stone Soup version 0.27-a0-1137-g3ef0f4ec91 (webtiles) character file.

Game seed: 4491859958167899398

4027 Zeld the Thrower (level 10, -7/61 (68) HPs)
             Began as an Octopode Fighter on May 6, 2021.
             Mangled by a wight
             ... wielding a +0 great sword
              (15 damage)
             ... on level 6 of the Dungeon.
             The game lasted 00:16:22 (15197 turns).

Zeld the Thrower (Octopode Fighter)                Turns: 15197, Time: 00:16:23

HP:   -7/61 (68)    AC:  1    Str: 16 (19) XL:     10   Next: 24%
MP:   10/10         EV: 11    Int:  7 (10) God:
Gold: 199           SH: 13    Dex: 11 (12) Spells: 9/9 levels left

rFire    . . .     SeeInvis +   a - +0 war axe
rCold    . . .     Faith    .   w - +3 kite shield
rNeg     . . .     Spirit   .   (helmet restricted)
rPois    +         Reflect  .   (no amulet)
rElec    .         Harm     .   c - ring of willpower
rCorr    .         Rampage  .   b - ring of poison resistance
Will     +....                  (no ring)
Stlth    ++........             (no ring)
HPRegen  0.20/turn              (no ring)
MPRegen  0.12/turn              (no ring)
                                (no ring)
                                (no ring)

@: heavily drained
A: almost no armour, amphibious, 8 rings, camouflage 1, gelatinous body 1,
(nimble swimmer 1), tentacles, see invisible
a: no special abilities


You were on level 6 of the Dungeon.
You visited 2 branches of the dungeon, and saw 8 of its levels.

You collected 319 gold pieces.
You spent 120 gold pieces at shops.

Inventory:

Hand Weapons
 a - a +0 war axe (weapon)
Missiles
 d - 26 poisoned darts (quivered)
 h - 2 silver javelins
 u - 9 boomerangs
Armour
 w - a +3 kite shield (worn)
Jewellery
 b - a ring of poison resistance (right tentacle)
 c - a ring of willpower (left tentacle)
Wands
 g - a wand of flame (29)
 i - a wand of paralysis (2)
Scrolls
 n - a scroll of acquirement {unknown}
 o - a scroll of amnesia {unknown}
 q - 4 scrolls of magic mapping {unknown}
 s - a scroll of holy word {unknown}
 v - a scroll of torment {unknown}
Potions
 e - 4 potions of degeneration
 f - a potion of resistance {unknown}
 j - 2 potions of curing
 k - 2 potions of haste {unknown}
 p - a potion of magic {unknown}
 r - a potion of ambrosia {unknown}
 t - 2 potions of brilliance {unknown}


   Skills:
 - Level 6.0 Fighting
 - Level 5.6 Axes
 * Level 11.1 Throwing
 - Level 3.0 Dodging
 - Level 6.0 Shields


You had 9 spell levels left.
You didn't know any spells.
Your spell library was empty.

Dungeon Overview and Level Annotations

Branches:
Dungeon (7/15)             Temple (1/1) D:6

Altars:
Ashenzari
Cheibriados
Dithmenos
Fedhas
Gozag
Hepliaklqana
Makhleb
Qazlal
Ru
Trog
Uskayaw
Vehumet
Wu Jian
Xom
Yredelemnul
Zin
The Shining One

Shops:
D:4 *


Innate Abilities, Weirdness & Mutations

You cannot wear most types of armour.
You are amphibious.
You can wear up to eight rings at the same time.
Your skin changes colour to match your surroundings (Stealth+).
Your rubbery body absorbs attacks. (AC +1, EV +1)
((You are camouflaged near water. (Stealth+)))
You have tentacles for arms and can constrict up to eight enemies at once.
You have supernaturally acute eyesight. (SInv)


Message History

You constrict the wight.
You destroy the wight!
No target in view!
No target in view!
Things that are here:
a +1 flail of freezing; a +0 robe
Things that are here:
a +4 dagger; a +0 robe
There is a stone staircase leading up here.
A wight is nearby!
A wight is nearby! 2 wights come into view.
Press: ? - help, v - describe, . - travel
Here: a wight, wielding a +3 spear and wearing a +0 robe The floor.
There is a stone staircase leading up here.
The wight barely misses you. The wight barely misses you.
The wight hits you with a +1 dagger.
The wight hits you from afar with a +3 spear!
The wight barely misses you. The wight hits you with a +1 dagger!
You climb upwards.
There is a stone staircase leading down here.
You barely miss the wight. Your grab misses the wight.
You closely miss the wight. You block the wight's attack.
The wight hits you with a +1 dagger.
You feel drained. You block the wight's attack.
You closely miss the wight. Your grab misses the wight. You squeeze the wight.
The wight is lightly damaged.
You closely miss the wight. You block the wight's attack.
The wight hits you with a +0 great sword!!
* * * LOW HITPOINT WARNING * * *
You feel drained.
* * * LOW HITPOINT WARNING * * *
Okay, then.
It was a potion of degeneration.
There was something very wrong with that liquid.
You feel weakened.
You feel dopey.
You feel clumsy. The wight completely misses you.
The wight hits you with a +0 great sword!
You die...

######......#..#........##
#....b.#...#####....#
###...###......#.##..
##.....##.####...####
#.......#.# ##..####
#.........# #......
#........## #.....P
##.z(...## #...._.
##..@...# ##..P.P
#....z..# ##.... #.......#
##### #.......# ##.....##
##...## #####


You could see 2 wights.

Vanquished Creatures
  Pikel (D:4)
  Joseph (D:7)
  Grinder (D:4)
  Sigmund (D:4)
  Eustachio (D:5)
  A steam dragon (D:7)
  2 orc warriors
  2 ice beasts
  3 black bears (D:4)
  2 necrophages (D:5)
  An ogre (D:6)
  A phantom (D:5)
  3 kobold brigands
  A bullfrog (D:7)
  A gnoll sergeant (D:5)
  A scorpion (D:6)
  8 wights
  A howler monkey (D:6)
  3 hounds
  A jelly (D:4)
  2 orc priests (D:5)
  2 centaur zombies
  2 bullfrog skeletons
  A centaur skeleton (D:7)
  2 iguanas
  7 orc wizards
  A statue (D:4)
  A hound skeleton (D:4)
  8 gnolls
  8 adders
  A shadow imp (D:7)
  A white imp (D:5)
  3 ufetubi
  2 worms
  2 dart slugs
  18 orcs
  6 ball pythons
  3 endoplasms
  3 giant cockroaches
  2 goblins
  4 hobgoblins
  7 jackals
  A quokka (D:4)
  5 bats
  4 frilled lizards
  A jackal skeleton (D:4)
  14 kobolds
  8 rats
155 creatures vanquished.

Vanquished Creatures (others)
  A withered plant (D:6)
1 creature vanquished.

Grand Total: 156 creatures vanquished

Notes
Turn   | Place    | Note
-------+----------+-------------------------------------------
     0 | D:1      | Zeld the Octopode Fighter began the quest for the Orb.
     0 | D:1      | Reached XP level 1. HP: 16/16 MP: 1/1
   107 | D:1      | Reached skill level 1 in Throwing
   340 | D:1      | Reached XP level 2. HP: 21/21 MP: 2/2
   423 | D:1      | Reached skill level 2 in Throwing
   943 | D:2      | Reached XP level 3. HP: 22/26 MP: 3/3
  1701 | D:2      | Reached skill level 3 in Throwing
  1903 | D:2      | Found a faded altar of an unknown god.
  2287 | D:3      | Reached XP level 4. HP: 26/31 MP: 4/4
  2540 | D:3      | Reached skill level 4 in Throwing
  3421 | D:4      | Reached XP level 5. HP: 20/36 MP: 5/5
  3621 | D:4      | Noticed Grinder
  3628 | D:4      | Killed Grinder
  3629 | D:4      | Reached skill level 6 in Throwing
  3629 | D:4      | Reached XP level 6. HP: 28/42 MP: 6/6
  3767 | D:4      | Found a radiant altar of Vehumet.
  4069 | D:4      | Noticed a black bear
  4180 | D:3      | Gained mutation: You have supernaturally acute eyesight.
                  | (SInv) [potion of mutation]
  4881 | D:4      | Found Qitunnom's Assorted Antiques.
  4890 | D:4      | Bought a scroll labelled BUJODI OHUGG for 24 gold pieces
  4890 | D:4      | Bought 2 scrolls labelled BUJODI OHUGG for 48 gold pieces
  4890 | D:4      | Bought a scroll labelled HUBONTUS BUENUTAE for 24 gold
                  | pieces
  4896 | D:4      | Noticed a black bear
  4902 | D:4      | Killed a black bear
  4903 | D:4      | Reached XP level 7. HP: 29/46 MP: 7/7
  5028 | D:4      | Found an ornate altar of the Wu Jian Council.
  5030 | D:4      | Noticed Pikel
  5286 | D:4      | Found a sacrificial altar of Ru.
  5289 | D:4      | Noticed Sigmund
  5295 | D:4      | Killed Sigmund
  5862 | D:4      | Killed Pikel
  5863 | D:4      | Reached skill level 5 in Fighting
  5863 | D:4      | Reached skill level 5 in Shields
  5863 | D:4      | Reached XP level 8. HP: 11/55 MP: 8/8
  6351 | D:4      | Found a glowing golden altar of the Shining One.
  6397 | D:4      | Reached skill level 5 in Axes
  7443 | D:4      | Bought a wand of flame (11) for 24 gold pieces
  7461 | D:5      | Entered Level 5 of the Dungeon
  8326 | D:5      | Reached XP level 9. HP: 55/62 MP: 9/9
  8401 | D:5      | Noticed Eustachio
  8890 | D:5      | Killed Eustachio
  9058 | D:5      | Reached skill level 7 in Throwing
  9434 | D:5      | Found a shadowy altar of Dithmenos.
  9907 | D:5      | Found a stormy altar of Qazlal.
 10070 | D:5      | Found a hide-covered altar of Uskayaw.
 10943 | D:6      | Reached skill level 8 in Throwing
 11380 | D:6      | Found a basalt altar of Yredelemnul.
 12093 | D:5      | Reached skill level 9 in Throwing
 12668 | D:6      | Found a staircase to the Ecumenical Temple.
 12683 | Temple   | Entered the Ecumenical Temple
 13851 | D:7      | Reached skill level 10 in Throwing
 14033 | D:7      | Reached XP level 10. HP: 40/68 MP: 10/10
 14944 | D:7      | Noticed Joseph
 14953 | D:7      | Killed Joseph
 14954 | D:7      | Reached skill level 11 in Throwing
 15197 | D:6      | Mangled by a wight

Illustrated notes

Levels and vault maps discovered:
D:1:      amcnicky_arrival_blooded_trapdoor, layout_loops_ring
D:2:      layout_loops_ring, serial_rivers, chequers_serial_rivers_small_3,
          chequers_serial_rivers_small_b, chequers_serial_rivers_large_b,
          chequers_serial_rivers_micro_b, chequers_serial_rivers_small_b,
          ebering_ecumenical_altar_mist
D:3:      layout_loops_ring
D:4:      layout_layer_cave, vehumet_statue, lemuel_tele_altar,
          lemuel_crystal_altar, nicolae_wu_jian_wuxing_cycle, serial_shops,
          nicolae_shop_trees, minmay_misc_feat_five, minmay_close_crescents,
          uniq_sigmund, uniq_pikel, uniq_grinder
D:5:      layout_layer_cave, grunt_qazlal_sundering, general_overflow_altar,
          grunt_dithmenos_smoke_and_mirrors,
          hangedman_abyss_or_decor_jellyfish_corner, uniq_eustachio
D:6:      layout_rooms, yredelemnul_altar_generic,
          minmay_temple_entry_butterflies
D:7:      layout_loops_ring, uniq_crazy_yiuf_cottage, uniq_joseph
Temple:   chequers_temple_sunken

Skill      XL: |  1  2  3  4  5  6  7  8  9 10 |
---------------+-------------------------------+-----
Throwing       | 1 2 3 4 6 10 11 | 11.1
Fighting       | 5 6 |  6.0
Axes           | 4 5 |  5.6
Shields        | 5 6 |  6.0
Dodging        | |  3.0

Action                   |  1- 3 |  4- 6 |  7- 9 | 10-12 || total
-------------------------+-------+-------+-------+-------++-------
Melee: War axe           |    60 |    49 |   200 |    31 ||   340
       Constrict         |    17 |    14 |    54 |    13 ||    98
       Tentacles         |    11 |    14 |    55 |     9 ||    89
Throw: Dart              |       |     4 |    42 |     7 ||    53
       Boomerang         |       |       |    17 |     5 ||    22
       Javelin           |       |       |       |     2 ||     2
Evoke: Wand              |       |       |     1 |       ||     1
  Use: Potion            |       |     3 |     2 |     1 ||     6
       Scroll            |       |       |    12 |     1 ||    13
 Stab: Sleeping          |     9 |     3 |       |       ||    12
       Distracted        |       |     1 |     1 |       ||     2
Armor: Skin              |     7 |     1 |     9 |       ||    17
Dodge: Dodged            |    32 |    24 |   114 |    19 ||   189
Block: Kite shield       |    27 |    27 |   142 |    28 ||   224

Table legend: (Time is in decaauts)
 A = Elapsed time spent in this place.
 B = Non-inter-level travel time spent in this place.
 C = Inter-level travel time spent in this place.
 D = Time resting spent in this place.
 E = Time spent auto-exploring this place.
 F = Levels seen in this place.
 G = Mean time per level.
                   A        B        C        D        E       F      G
               +--------+--------+--------+--------+--------+-----+--------+
         Total |  15376 |  14990 |    386 |   5049 |   8138 |   8 | 1922.0 |
       Dungeon |  14823 |  14477 |    346 |   5049 |   7627 |   7 | 2117.6 |
        Temple |    552 |    512 |     40 |      0 |    511 |   1 |  552.0 |
               +--------+--------+--------+--------+--------+-----+--------+

Top non-repeatable levels by time:
     D:5: 3758 daAuts
     D:4: 3319 daAuts
     D:3: 2637 daAuts
     D:6: 1896 daAuts
     D:2: 1433 daAuts
     D:7: 938 daAuts
     D:1: 839 daAuts
  Temple: 552 daAuts
